 Dungeon Crawl Stone Soup version 0.20-a0-256-gabb291d (webtiles) character file.

3730 KyraPratley the Slicer (level 10, -2/77 HPs)
             Began as a Human Fighter on Dec 2, 2016.
             Was an Initiate of Ashenzari.
             Killed from afar by Psyche (6 damage)
             ... with a magic dart
             ... on level 8 of the Dungeon.
             The game lasted 00:44:25 (8448 turns).

KyraPratley the Slicer (Human Fighter)              Turns: 8448, Time: 00:44:25

Health: -2/77      AC:  0    Str: 22    XL:     10   Next: 36%
Magic:  10/10      EV: 19    Int:  9    God:    Ashenzari [......]
Gold:   491        SH:  0    Dex: 20    Spells: 9/9 levels left

rFire  . . .     SeeInvis .     (weapon currently unavailable)
rCold  . . .     Gourm    .     (armour currently unavailable)
rNeg   . . .     Faith    .     (shield currently unavailable)
rPois  .         Spirit   .     (helmet currently unavailable)
rElec  .         Reflect  .     (cloak currently unavailable)
rCorr  .         Harm     .     (gloves currently unavailable)
MR     .....                    (boots currently unavailable)
Stlth  ++........               (no amulet)
                                (ring currently unavailable)
                                (ring currently unavailable)

@: mighty, lethally poisoned (-2 -> -3), bat-form (expiring), flying, very
slightly contaminated, drained, very quick
A: no striking features
a: Curse Item, Renounce Religion


You were on level 8 of the Dungeon.
You worshipped Ashenzari.
Ashenzari was noncommittal.
You were not hungry.
You were in bat-form.
You visited 2 branches of the dungeon, and saw 9 of its levels.

You collected 535 gold pieces.
You spent 44 gold pieces at shops.

Inventory:

Hand Weapons
 a - a cursed +0 rapier (melded)
Armour
 c - a +0 shield
 j - a +0 helmet (melded)
 l - a +0 buckler (melded)
 m - a +1 pair of gloves (melded)
 p - +0 fire dragon scales
 y - the +9 plate armour of Kleptomania (melded) {rPois MR- Dex+6 Stlth+}
   (You found it on level 5 of the Dungeon)

   It affects your dexterity (+6).
   It protects you from poison.
   It affects your resistance to hostile enchantments.
   It makes you more stealthy.
 F - the cursed -4 pair of boots of the Jolly Yaks (melded) {rF+ rC+ MP+9 SInv}
   (You found it on level 7 of the Dungeon)

   It protects you from fire.
   It protects you from cold.
   It affects your magic capacity (+9).
   It lets you see invisible.
   It has a curse placed upon it.
Jewellery
 d - a ring of magical power (melded)
 r - a +2 ring of dexterity (melded)
 w - an uncursed ring of ice
 K - an uncursed ring of protection from cold
Wands
 i - a wand of flame (41/48)
 s - a wand of polymorph (11/24)
 E - a wand of slowing (32/48)
Scrolls
 e - 3 scrolls of fear
 g - 3 scrolls of fog
 k - 3 scrolls of recharging
 n - a scroll of remove curse
 q - 5 scrolls of identify
 L - a scroll of magic mapping
Potions
 t - 2 potions of curing
 B - a potion of cancellation
 D - a potion of flight
 G - a potion of brilliance
Books
 b - a book of Minor Magic

   Spells                             Type                      Level
   a - Magic Dart                     Conjuration                  1
   b - Blink                          Translocation                2
   c - Call Imp                       Summoning                    2
   d - Repel Missiles                 Charms/Air                   2
   e - Slow                           Hexes                        2
   f - Conjure Flame                  Conjuration/Fire             3
   g - Mephitic Cloud                 Conjuration/Poison/Air       3
 z - a book of Conjurations

   Spells                             Type                      Level
   a - Magic Dart                     Conjuration                  1
   b - Searing Ray                    Conjuration                  2
   c - Dazzling Spray                 Conjuration/Hexes            3
   d - Fulminant Prism                Conjuration/Hexes            4
   e - Iskenderun's Mystic Blast      Conjuration                  4
   f - Iskenderun's Battlesphere      Conjuration/Charms           5
 H - a book of Maledictions

   Spells                             Type                      Level
   a - Corona                         Hexes                        1
   b - Ensorcelled Hibernation        Hexes/Ice                    2
   c - Confuse                        Hexes                        3
   d - Tukima's Dance                 Hexes                        3
   e - Dazzling Spray                 Conjuration/Hexes            3
Comestibles
 f - 11 bread rations
 h - 9 beef jerkies
 u - a slice of pizza
 x - 3 meat rations


   Skills:
 + Level 6.6(5.9) Fighting
 + Level 9.8(9.0) Short Blades
 + Level 6.6(5.9) Armour
 + Level 2.1(1.4) Dodging
 + Level 1.4(0.8) Stealth
 + Level 6.5(5.7) Shields


You had 9 spell levels left.
You didn't know any spells.

Dungeon Overview and Level Annotations

Branches:
Dungeon (8/15)             Temple (1/1) D:7
   Lair: D:8-11

Altars:
Ashenzari
Cheibriados
Elyvilon
Fedhas
Hepliaklqana
Kikubaaqudgha
Makhleb
Nemelex Xobeh
Okawaru
Ru
Sif Muna
Trog
Uskayaw
Xom
Yredelemnul
Zin
The Shining One

Shops:
D:7 !

Annotations:
D:8 Psyche


Message History

Unknown command.
You flicker for a moment.
Psyche casts a spell.
Psyche flickers and vanishes!
Deactivating autopickup; reactivate with Ctrl-A.
You feel sick.
As you read the scroll labeled PADGHA LUGONAI, it crumbles to dust.
Your brain hurts!
It was a scroll of random uselessness.
Your transformation is almost over.
A puff of frost appears from out of thin air!
The puff of frost hits the centaur.
You flicker back into view.
You feel sick.
A magic dart appears from out of thin air!
The magic dart hits you!
* * * LOW HITPOINT WARNING * * *
You feel sick.
A magic dart appears from out of thin air!
The magic dart hits you!
You die...

#.#.......##....
#.....)......#..
#.#.###......... ###########
#.#.# #.#.####.# #.........#
#.#.###.#....#.# #.........#
#####.#...#.####.#..
#.........###...#.###.#.####.#.#
#.........)...........#.#.c.....
#.........#...>b...(............
#.........#.####..###.#.#.##..(.
#.........#.# #..#..../...#..##
##.....##.#.# #..#........#....
#.....##.#.. ....#........##...
#.....##.######..#........#####
#.....##.# #....#.#.#.##
#.....##.# #......#.#.#
#.....##.# ....


There were no monsters in sight!

Vanquished Creatures
  Erica (D:8)
  A manticore (D:7)
  2 hippogriffs (D:7)
  3 sky beasts
  2 ice beasts
  3 ogres
  3 centaurs
  4 bullfrogs
  A wyvern skeleton (D:6)
  A scorpion (D:7)
  A howler monkey (D:4)
  A lava snake (D:7)
  2 bullfrog zombies
  A quasit (D:8)
  A jelly (D:8)
  A crimson imp (D:6)
  2 bullfrog skeletons
  4 hounds
  2 orc priests
  An orc wizard (D:5)
  An iguana (D:7)
  5 worker ants
  A killer bee zombie (D:6)
  2 hound zombies (D:6)
  2 hound skeletons
  3 worker ant zombies
  Robin (D:3)
  A gnoll (D:7)
  A howler monkey zombie (D:6)
  10 adders
  A shadow imp (D:5)
  An ooze (D:3)
  An adder skeleton (D:4)
  2 adder zombies (D:6)
  A worm (D:3)
  3 dart slugs (D:1)
  5 leopard geckos
  9 orcs
  9 bats
  6 giant cockroaches
  13 goblins
  14 hobgoblins
  7 jackals
  6 kobolds
  2 quokkas (D:5)
  3 ball pythons
  4 frilled lizards
  A giant cockroach zombie (D:5)
  A leopard gecko skeleton (D:6)
  5 rats
158 creatures vanquished.

Notes
Turn   | Place    | Note
-------+----------+-------------------------------------------
     0 | D:1      | KyraPratley the Human Fighter began the quest for the Orb.
     0 | D:1      | Reached XP level 1. HP: 18/18 MP: 1/1
   230 | D:1      | Reached XP level 2. HP: 18/24 MP: 2/2
   883 | D:1      | Reached XP level 3. HP: 17/29 MP: 3/3
  1231 | D:2      | Reached XP level 4. HP: 33/35 MP: 4/4
  1765 | D:2      | You fall through a shaft!
  1828 | D:3      | Noticed an ogre
  1837 | D:3      | Killed an ogre
  1837 | D:3      | Reached skill level 3 in Short Blades
  1837 | D:3      | Reached XP level 5. HP: 4/41 MP: 5/5
  2127 | D:3      | Noticed Robin
  2174 | D:3      | Killed Robin
  2404 | D:3      | Reached XP level 6. HP: 42/47 MP: 6/6
  3396 | D:3      | Reached skill level 1 in Dodging
  3656 | D:4      | Reached skill level 4 in Short Blades
  4026 | D:5      | Entered Level 5 of the Dungeon
  4053 | D:5      | Found a burning altar of Makhleb.
  4057 | D:5      | Found a glowing silver altar of Zin.
  4058 | D:5      | Noticed a green death
  4058 | D:5      | Noticed an angel
  4249 | D:5      | Got a spiked plate armour
  4260 | D:5      | Identified the +9 plate armour of Kleptomania {rPois MR- Dex+6 Stlth+} (You found it on level 5 of the Dungeon)
  4303 | D:5      | Reached XP level 7. HP: 50/53 MP: 7/7
  4685 | D:5      | Reached skill level 5 in Short Blades
  5044 | D:6      | Reached XP level 8. HP: 54/60 MP: 8/8
  5113 | D:6      | Reached skill level 6 in Short Blades
  5303 | D:6      | Found an iron altar of Okawaru.
  5520 | D:6      | Reached skill level 5 in Shields
  5569 | D:6      | Found a glowing silver altar of Zin.
  6118 | D:7      | Reached skill level 7 in Short Blades
  6118 | D:7      | Reached skill level 5 in Armour
  6173 | D:7      | Noticed a hippogriff
  6195 | D:7      | Killed a hippogriff
  6195 | D:7      | Reached XP level 9. HP: 52/67 MP: 9/9
  6223 | D:7      | Reached skill level 5 in Fighting
  6469 | D:7      | Found a staircase to the Ecumenical Temple.
  6478 | Temple   | Entered the Ecumenical Temple
  6533 | Temple   | Became a worshipper of Ashenzari the Shackled
  6559 | D:7      | Got the cursed pair of boots of the Jolly Yaks {rF+ rC+ MP+9 SInv}
  6565 | D:7      | Identified the cursed -4 pair of boots of the Jolly Yaks {rF+ rC+ MP+9 SInv} (You found it on level 7 of the Dungeon)
  6677 | D:7      | Reached skill level 8 in Short Blades
  6688 | D:7      | Noticed a manticore
  6707 | D:7      | Killed a manticore
  7058 | D:7      | Found a bloodstained altar of Trog.
  7058 | D:7      | Found an iron altar of Okawaru.
  7384 | D:7      | Found Jiararchuo's Distillery.
  7421 | D:7      | Bought a potion of might for 44 gold pieces
  7454 | D:7      | Noticed a hippogriff
  7469 | D:7      | Killed a hippogriff
  7781 | D:8      | Reached skill level 9 in Short Blades
  7810 | D:8      | Reached XP level 10. HP: 27/76 MP: 10/10
  8093 | D:8      | Identified the cursed +1 quarterstaff of Geojeon {venom, *Rage +Fly Str+5}
  8168 | D:8      | Identified the +3 morningstar "Dijo" {drain, rPois rN+ MP+9} (You took it off a centaur on level 8 of the Dungeon)
  8218 | D:8      | Noticed Erica
  8246 | D:8      | Killed Erica
  8246 | D:8      | Reached skill level 1 in Stealth
  8402 | D:8      | Noticed Psyche
  8419 | D:8      | Paralysed by Psyche for 7 turns
  8447 | D:8      | HP: 3/77 [poisoned by Psyche]
  8448 | D:8      | Killed from afar by Psyche

Vault maps used:
D:1:      sevenhm_arrival_forest_fort_large_4, serial_bayou_lagoon_a
D:2:      serial_co_window_serial, co_window_corner_a, co_window_paths_b,
          co_window_paths_a, co_window_paths_a, co_window_paths_a,
          co_window_of_opportunity_b, co_window_cross_3,
          co_window_unsneaky_path_e, co_window_4corner_a, glass_columns_a,
          glass_columns_a, glass_columns_a, glass_columns_a,
          kennysheep_generic_room_5
D:3:      first_bread, st_stairs_6, uniq_robin
D:4:      corexii_shack_village
D:5:      grunt_temple_overflow_order_and_chaos_2
D:6:      basic_altar, serial_undead, serial_undead_b, serial_undead_f,
          serial_undead_f, serial_undead_f, grunt_decor_one_mirror,
          okawaru_ov_weapons_minmay
D:7:      grunt_temple_overflow_bloody_war, serial_shops, shop, grunt_ogre_cave,
          kennysheep_potato
D:8:      hangedman_cross_stitches, uniq_psyche, uniq_erica, uniq_gastronok
Temple:   eino_temple_rhombus

Skill      XL: |  1  2  3  4  5  6  7  8  9 10 |
---------------+-------------------------------+-----
Short Blades   | 3 4 5 7 9 |  9.8
Shields        | 4 5 6 |  6.5
Dodging        | 1 2 |  2.1
Armour         | 4 5 6 |  6.6
Fighting       | 4 6 |  6.6
Stealth        | 1 |  1.4

Action                   |  1- 3 |  4- 6 |  7- 9 | 10-12 || total
-------------------------+-------+-------+-------+-------++-------
Melee: Rapier            |    99 |   235 |   500 |    89 ||   923
Invok: Curse Item        |       |       |     1 |       ||     1
Evoke: Wand              |       |     7 |       |       ||     7
  Use: Scroll            |     4 |     4 |     1 |     1 ||    10
       Potion            |     1 |     6 |     6 |     3 ||    16
  Eat: Chunk             |     1 |     9 |     2 |     1 ||    13
       Pizza             |       |     1 |       |       ||     1
       Royal jelly       |       |       |     1 |       ||     1
       Bread ration      |       |       |     2 |       ||     2
Armor: Scale mail        |    43 |    73 |       |       ||   116
       Fire dragon scale |       |    30 |       |       ||    30
       Plate armour      |       |    11 |   312 |    82 ||   405
Dodge: Dodged            |    31 |    62 |   118 |    28 ||   239
Block: Shield            |    63 |    82 |       |       ||   145
       Buckler           |       |    14 |   126 |    21 ||   161
